 Dungeon Crawl Stone Soup version 0.17-a0-1248-g117de50 (webtiles) character file.

331 Xvorost the Skirmisher (level 6, -10/39 HPs)
             Began as a Gargoyle Fighter on June 5, 2015.
             Killed by divine providence
             ... invoked by an orc priest
              (14 damage)
             ... on level 5 of the Dungeon.
             The game lasted 00:12:00 (3148 turns).

Xvorost the Skirmisher (Gargoyle Fighter)           Turns: 3148, Time: 00:12:01

Health: -10/39     AC: 16    Str: 29    XL:     6   Next: 51%
Magic:  6/6        EV:  6    Int:  8    God:
Gold:   319        SH: 10    Dex: 11    Spells: 0 memorised, 5 levels left

rFire  . . .     SeeInvis +     a - +1 flail
rCold  . . .     Clarity  .     v - +0 plate armour (curse)
rNeg   + . .     SustAt   .     c - +0 shield
rPois  ∞         Gourm    .     (no helmet)
rElec  +         Spirit   .     (no cloak)
rCorr  .         Warding  .     (no gloves)
rMut   +         Stasis   .     (no boots)
MR     .....                    q - amulet of resist mutation {rMut, !d}
Stlth  ..........               y - ring of see invisible {sInv, !d}
                                r - +4 ring of strength (curse)

@: mighty, not resistant to hostile enchantments, extremely unstealthy
A: negative energy resistance 1, electricity resistance, unbreathing,
petrification resistance, rot immunity, AC +4
a: no special abilities


You were on level 5 of the Dungeon.
You were hungry.

You visited 1 branch of the dungeon, and saw 5 of its levels.

You collected 319 gold pieces.

Inventory:

Hand weapons
 a - a +1 flail (weapon)
Armour
 b - a +0 scale mail
 c - a +0 shield (worn)
 v - a cursed +0 plate armour (worn)
   (You found it on level 4 of the Dungeon)
Magical staves
 w - an uncursed staff of fire {unknown}
   (You found it on level 4 of the Dungeon)
Jewellery
 q - an amulet of resist mutation (around neck) {rMut, !d}
   (You found it on level 3 of the Dungeon)
 r - a cursed +4 ring of strength (left hand)
   (You found it on level 3 of the Dungeon)
 y - a ring of see invisible (right hand) {sInv, !d}
   (You found it on level 4 of the Dungeon)
Scrolls
 g - 2 scrolls of fear
 l - 6 scrolls of teleportation
 s - a scroll of enchant weapon
Potions
 h - 3 potions of brilliance
 i - a potion of ambrosia {unknown}
 j - a potion of mutation {!q}
 m - a potion of cancellation {unknown}
 p - 2 potions of resistance
 u - a potion of lignification {unknown}
Comestibles
 e - 3 bread rations {@e1}
 k - 5 fruits
 o - a meat ration {@e2}


   Skills:
 + Level 4.5 Fighting
 + Level 3.7 Maces & Flails
 + Level 4.4 Armour
 + Level 2.3 Dodging
 + Level 4.1 Shields


You had 5 spell levels left.
You didn't know any spells.

Dungeon Overview and Level Annotations

Branches:
Dungeon (5/15)
 Temple: D:4-7

Altars:
Xom


Innate Abilities, Weirdness & Mutations

You are resistant to torment.
Your stone body is resilient (AC +4).
You are immune to poison.
You resist negative energy.
You are resistant to electric shocks.
You can survive without breathing.
You are immune to petrification.
You are immune to rotting.


Message History

You open the door.
There is an open door here.
There is a stone staircase leading up here.
An orc wizard comes into view. It is wielding a dagger.
Health restored: 39 An orc wizard is nearby!
An orc wizard is nearby! 2 orcs, an orc priest and an orc wizard come into view.
The orc priest shouts!
The orc shouts!
The orc wizard shouts!
The orc shouts!
The orc wizard hits you but does no damage.
You closely miss the orc wizard.
The orc wizard hits you but does no damage.
The orc throws a tomahawk.
The tomahawk closely misses you.
You closely miss the orc wizard. The orc wizard casts a spell at you.
The magic dart hits you! You block the orc wizard's attack.
The orc priest glows brightly for a moment.
You take 5 damage, and have 34/39 hp.
You closely miss the orc wizard. The orc hits you but does no damage.
The orc wizard points at you and mumbles some strange words.
The puff of frost hits you!
The orc wizard casts a spell.
The orc wizard blinks!
You take 3 damage, and have 31/39 hp.
You sock the orc wizard! The orc hits you but does no damage.
The orc wizard hits you but does no damage.
Your shield and plate armour prevent you from hitting the orc wizard.
The orc hits you but does no damage.
The orc wizard hits you but does no damage.
You thump the orc wizard!
You kill the orc wizard!
You thump the orc!
You kill the orc!
The orc wizard hits you but does no damage.
You closely miss the orc wizard.
The orc wizard gestures at you while chanting.
You feel yourself slow down.
Your plate armour prevents you from hitting the orc wizard.
You block the orc wizard's attack.
The orc wizard hits you but does no damage.
The orc priest mumbles some strange prayers to Beogh against you.
Something smites you!
You take 13 damage, and have 19/39 hp.
MASSIVE DAMAGE!!
Your shield and plate armour prevent you from hitting the orc wizard.
You block the orc wizard's attack.
The orc wizard hits you but does no damage.
You hit the orc wizard. The orc wizard completely misses you.
You block the orc wizard's attack.
You hit the orc wizard. You block the orc wizard's attack.
You block the orc wizard's attack.
The orc priest calls down the wrath of Beogh upon you.
Something smites you!
* * * LOW HITPOINT WARNING * * *
You take 15 damage, and have 5/39 hp.
MASSIVE DAMAGE!!
Drink which item? (? for menu, Esc to quit)
You feel better.
The orc priest calls upon Beogh to heal the orc wizard.
The orc wizard is healed somewhat.
The orc wizard hits you but does no damage.
You regained 11 hp, and now have 16/39 hp.
Drink which item? (? for menu, Esc to quit)
You feel better. The orc wizard closely misses you.
The orc wizard hits you but does no damage.
You regained 5 hp, and now have 21/39 hp.
Drink which item? (? for menu, Esc to quit)
You feel better.
The orc priest invokes the aid of Beogh against you.
Something smites you! You block the orc wizard's attack.
You take 6 damage, and have 15/39 hp.
Drink which item? (? for menu, Esc to quit)
You feel better. You block the orc wizard's attack.
The orc wizard hits you but does no damage.
You regained 6 hp, and now have 21/39 hp.
Drink which item? (? for menu, Esc to quit)
You feel very mighty all of a sudden.
The orc wizard points at you and mumbles some strange words.
The magic dart hits you!
The orc wizard hits you but does no damage.
You take 4 damage, and have 17/39 hp.
You closely miss the orc wizard.
You feel yourself speed up.
You are feeling hungry.
The orc wizard mumbles some strange words.
The orc wizard seems to speed up.
The orc wizard hits you but does no damage.
You hit the orc wizard. You block the orc wizard's attack.
The orc priest mumbles some strange prayers to Beogh against you.
Something smites you!
* * * LOW HITPOINT WARNING * * *
You block the orc wizard's attack.
You take 14 damage, and have 3/39 hp.
MASSIVE DAMAGE!!
The orc priest prays to Beogh.
You feel troubled. The orc wizard barely misses you.
The orc priest mumbles some strange prayers to Beogh against you.
Something smites you!
You die...

...........#.#### #+
........##.#..... ..
........####..### #.
........'........ #..
........####....# #.#
..(.....# #.....
###..################.....
+...)o)oo..............<.>
##.#..###@###...........##
##.# #.# #.............
#.. #.# #.........#### ##.
#.# #.........# .##.#
#.........# ..#.#
########### #.#.# ..#


You could see an orc priest, an orc wizard and an orc.

Vanquished Creatures
  An orc wizard (D:5)
  A hound (D:5)
  A giant frog skeleton (D:4)
  A gnoll shaman (D:4)
  A worker ant (D:4)
  4 gnolls (D:4)
  6 adders
  2 oozes
  3 worms
  3 orcs
  2 giant cockroaches
  10 goblins
  13 hobgoblins
  8 jackals
  2 quokkas
  4 bats
  4 giant geckos
  5 giant newts
  6 kobolds
  8 rats
85 creatures vanquished.

Notes
Turn   | Place    | Note
--------------------------------------------------------------
     0 | D:1      | Xvorost the Gargoyle Fighter began the quest for the Orb.
     0 | D:1      | Reached XP level 1. HP: 14/14 MP: 1/1
   155 | D:1      | Reached XP level 2. HP: 10/19 MP: 2/2
   765 | D:1      | Reached XP level 3. HP: 23/23 MP: 3/3
  1150 | D:2      | Reached skill level 1 in Dodging
  1443 | D:2      | Reached XP level 4. HP: 28/28 MP: 4/4
  1457 | D:2      | Reached skill level 4 in Armour
  1505 | D:2      | Reached skill level 3 in Maces & Flails
  2110 | D:3      | Reached XP level 5. HP: 33/33 MP: 5/5
  2613 | D:4      | Found a shimmering altar of Xom.
  2779 | D:4      | Reached skill level 4 in Fighting
  2955 | D:4      | Reached skill level 2 in Dodging
  2955 | D:4      | Reached XP level 6. HP: 28/38 MP: 6/6
  2962 | D:4      | Reached skill level 4 in Shields
  3027 | D:5      | Entered Level 5 of the Dungeon
  3138 | D:5      | HP: 5/39 [orc priest/divine providence (15)]
  3146 | D:5      | HP: 3/39 [orc priest/divine providence (14)]
  3148 | D:5      | Killed from afar by an orc priest

Vault maps used:
D:1:      eino_arrival_cavern_a, minmay_surrounded
D:2:      first_bread
D:4:      xom_teletrap_fun
D:5:      uniq_grinder, uniq_prince_ribbit1

Action                   |  1- 3 |  4- 6 || total
-------------------------+-------+-------++-------
Melee: Flail             |   119 |   215 ||   334
  Use: Potion            |     1 |     5 ||     6
       Scroll            |       |     9 ||     9
  Eat: Chunk             |     2 |     1 ||     3
       Bread ration      |       |     1 ||     1

Vault maps used:
D:1:      eino_arrival_cavern_a, minmay_surrounded
D:2:      first_bread
D:4:      xom_teletrap_fun
D:5:      uniq_grinder, uniq_prince_ribbit1

Table legend:
 A = Turns spent in this place as a percentage of turns spent in the entire game.
 B = Non-inter-level travel turns spent in this place as a percentage of non-inter-level travel turns spent in the entire game.
 C = Inter-level travel turns spent in this place as a percentage of turns spent in this place.
 D = Turns resting spent in this place as a percentage of non-inter-level travel turns spent in this place.
 E = Turns spent auto-exploring this place as a percentage of non-inter-level travel turns spent in this place.
 F = Non-inter-level travel turns spent in this place divided by the number of levels of this place that you've seen.
                   A       B       C       D       E      F
               +-------+-------+-------+-------+-------+----------------------
         Total | 100.0 | 100.0 |   0.4 |   1.3 |  12.0 | 164.6
       Dungeon | 100.0 | 100.0 |   0.4 |   1.3 |  12.0 | 164.6
               +-------+-------+-------+-------+-------+----------------------

Table legend:
 A = Kills in this place as a percentage of kills in entire the game.
 B = Kills by you in this place as a percentage of kills by you in the entire game.
 C = Kills by friends in this place as a percentage of kills by friends in the entire game.
 D = Other kills in this place as a percentage of other kills in the entire game.
 E = Experience gained in this place as a percentage of experience gained in the entire game.
 F = Experience gained in this place divided by the number of levels of this place that you have seen.
                   A       B       C       D       E      F
               +-------+-------+-------+-------+-------+----------------------
         Total | 100.0 | 100.0 |  -nan |  -nan | 100.0 |  94.6
       Dungeon | 100.0 | 100.0 |  -nan |  -nan | 100.0 |  94.6
               +-------+-------+-------+-------+-------+----------------------
